 Dungeon Crawl Stone Soup version 0.17.0-28-g6e173f8 (webtiles) character file.

1323 Ivanskos the Skirmisher (level 8, 0/76 HPs)
             Began as a Deep Dwarf Fighter on Nov 28, 2015.
             Killed from afar by a deep elf mage (16 damage)
             ... with a bolt of magma
             ... on level 5 of the Dungeon.
             The game lasted 00:17:19 (3728 turns).

Ivanskos the Skirmisher (Deep Dwarf Fighter)        Turns: 3728, Time: 00:17:19

Health: 0/76       AC:  8    Str: 23    XL:     8   Next: 33%
Magic:  6/6        EV: 10    Int:  8    God:
Gold:   328        SH: 10    Dex: 12    Spells: 0 memorised, 7 levels left

rFire  x . .     SeeInvis .     a - +0 flail
rCold  + . .     Clarity  .     b - +0 scale mail
rNeg   . . .     SustAt   .     c - +0 shield
rPois  .         Gourm    .     (no helmet)
rElec  .         Spirit   .     (no cloak)
rCorr  .         Warding  .     m - +0 pair of gloves
rMut   .         Stasis   .     (no boots)
MR     +....                    (no amulet)
Stlth  ..........               (no ring)
                                h - ring of ice

@: non-regenerating, somewhat resistant to hostile enchantments, extremely
unstealthy
A: damage resistance, recharge devices, sense surroundings 1, slow regeneration
3
a: Device Recharging


You were on level 5 of the Dungeon.
You were not hungry.

You visited 1 branch of the dungeon, and saw 5 of its levels.
You also visited: Ossuary.

You collected 328 gold pieces.

Inventory:

Hand Weapons
 a - a +0 flail (weapon)
Armour
 b - a +0 scale mail (worn)
 c - a +0 shield (worn)
 m - a +0 pair of gloves (worn)
Jewellery
 h - a ring of ice (left hand)
Wands
 e - a wand of heal wounds (0)
Scrolls
 g - a scroll of magic mapping {unknown}
 l - a scroll of enchant weapon {unknown}
 n - a scroll of enchant armour
 o - a scroll of immolation
 p - 2 scrolls of random uselessness {unknown}
 q - 2 scrolls of recharging {unknown}
 s - 2 scrolls of remove curse
 u - 4 scrolls of identify
 w - a scroll of noise {unknown}
 y - a scroll of holy word {unknown}
 E - 2 scrolls of teleportation
Potions
 d - 2 potions of cancellation
 i - 4 potions of agility
 k - a potion of brilliance
 r - a potion of poison {unknown}
 t - 3 potions of ambrosia {unknown}
 v - a potion of flight {unknown}
 x - a potion of invisibility
 z - a potion of haste
 A - 3 potions of resistance {unknown}
 B - a potion of magic {unknown}
 C - a potion of mutation {unknown}
 D - a potion of heal wounds {unknown}
Comestibles
 f - 5 bread rations
 j - 5 fruits


   Skills:
 * Level 5.8 Fighting
 + Level 4.8 Maces & Flails
 + Level 5.4 Armour
 + Level 4.2 Dodging
 + Level 5.7 Shields


You had 7 spell levels left.
You didn't know any spells.

Dungeon Overview and Level Annotations

Branches:
Dungeon (5/15)
 Temple: D:4-7

Altars:
Ashenzari
Dithmenos
Fedhas
Kikubaaqudgha
Nemelex Xobeh
Sif Muna


Innate Abilities, Weirdness & Mutations

You are resistant to damage.
You can recharge devices by infusing magical energy.
You passively map a small area around you.
You do not regenerate naturally.


Message History

The stone arrow hits you!
* * * LOW HITPOINT WARNING * * *
You are too injured to fight recklessly!
Evoke which item? (* to show all) (? for menu, Esc to quit)
Okay, then.
Drink which item? (? for menu, Esc to quit)
Okay, then.
You closely miss the deep elf mage. You block the deep elf mage's attack.
You hit the deep elf mage but do no damage.
The deep elf mage casts a spell at you. The stone arrow misses you.
You sock the deep elf mage!
The deep elf mage is heavily wounded.
The deep elf mage points at you and mumbles some strange words.
The stone arrow misses you. The deep elf mage misses you.
Your shield and scale mail prevent you from hitting the deep elf mage.
The deep elf mage is heavily wounded.
The deep elf mage points at you and mumbles some strange words.
The bolt of magma hits you! The lava burns you terribly!
You die...

, #.# # * #.# *# *
* #.#*, * * , #.#
, , , #.# * * * *
, , #.#########
###.........## #
#............###.#
,
#@#########.......
*
#e...............#
,*
#..########.######
,, ...# #.# #.##
#.# * #.# #.# #.#
#.###### #.#
#....... #.######


You could see a deep elf mage.

Vanquished Creatures
  The ghost of Vorrek the Sneak, an amateur OpFi (D:3)
  A sky beast (D:4)
  2 ogres
  2 ice beasts (D:5)
  A human zombie (D:5)
  A crimson imp (D:4)
  A centaur skeleton (D:4)
  An orc priest (D:5)
  Ijyb (D:3)
  A hound (D:4)
  Terence (D:1)
  Natasha (thrice) (D:2)
  2 orc wizards (D:4)
  12 mummies (Ossuary)
  Robin (D:3)
  9 adders
  A shadow imp (D:5)
  3 oozes
  2 worms (D:2)
  An adder skeleton (D:4)
  2 giant geckos (D:2)
  12 orcs
  9 bats
  4 giant cockroaches
  3 gnoll skeletons (Ossuary)
  19 goblins
  12 hobgoblins
  6 jackals
  12 kobolds
  4 quokkas
  A giant gecko skeleton (D:4)
  8 giant newts
  4 goblin skeletons (Ossuary)
  A jackal skeleton (D:5)
  An orc skeleton (Ossuary)
  5 rats
  11 rat skeletons (Ossuary)
161 creatures vanquished.

Vanquished Creatures (others)
  A crimson imp (D:5)
1 creature vanquished.

Grand Total: 162 creatures vanquished

Notes
Turn   | Place    | Note
--------------------------------------------------------------
     0 | D:1      | Ivanskos the Deep Dwarf Fighter began the quest for the Orb.
     0 | D:1      | Reached XP level 1. HP: 20/20 MP: 1/1
   124 | D:1      | Reached XP level 2. HP: 25/27 MP: 2/2
   433 | D:1      | Reached skill level 1 in Dodging
   643 | D:2      | Noticed Terence
   660 | D:1      | Killed Terence
   660 | D:1      | Reached XP level 3. HP: 25/34 MP: 3/3
   814 | D:2      | Found a sparkling altar of Nemelex Xobeh.
   939 | D:2      | Reached XP level 4. HP: 18/42 MP: 4/4
  1310 | D:2      | Reached skill level 4 in Shields
  1324 | D:2      | Noticed Natasha
  1336 | D:2      | Killed Natasha
  1336 | D:2      | Reached XP level 5. HP: 35/49 MP: 5/5
  1376 | D:2      | Noticed Natasha
  1384 | D:2      | Killed Natasha
  1436 | D:2      | Noticed Natasha
  1443 | D:2      | Killed Natasha
  1524 | D:3      | Noticed Vorrek's ghost (amateur OpFi)
  1534 | D:3      | Killed Vorrek's ghost
  1534 | D:3      | Reached XP level 6. HP: 9/57 MP: 6/6
  1556 | D:3      | Noticed Robin
  1587 | D:3      | Killed Robin
  1705 | D:3      | Noticed an ogre
  1714 | D:3      | Killed an ogre
  1913 | D:3      | Noticed Ijyb
  1916 | D:3      | Found a shadowy altar of Dithmenos.
  1942 | D:3      | Killed Ijyb
  2288 | D:4      | Found a blossoming altar of Fedhas.
  2362 | D:4      | Reached XP level 7. HP: 39/66 MP: 7/7
  2472 | D:4      | Found a shattered altar of Ashenzari.
  2490 | D:4      | HP: 2/66 [ogre/giant club (17)]
  2668 | D:4      | Reached skill level 5 in Fighting
  2668 | D:4      | Reached skill level 5 in Shields
  3043 | D:4      | Found a deep blue altar of Sif Muna.
  3132 | D:5      | Entered Level 5 of the Dungeon
  3136 | D:5      | Reached skill level 5 in Armour
  3152 | D:5      | Found an ancient bone altar of Kikubaaqudgha.
  3237 | D:5      | Found a sand-covered staircase.
  3265 | Ossuary  | Entered an ossuary
  3312 | Ossuary  | Reached XP level 8. HP: 22/75 MP: 7/7
  3721 | D:5      | Noticed a deep elf mage
  3728 | D:5      | Killed from afar by a deep elf mage

Action                   |  1- 3 |  4- 6 |  7- 9 || total
-------------------------+-------+-------+-------++-------
Melee: Flail             |   115 |   238 |   310 ||   663
 Abil: Device Recharging |       |       |     2 ||     2
Evoke: Wand              |       |     4 |     9 ||    13
  Use: Scroll            |     3 |     7 |       ||    10
       Potion            |       |     1 |       ||     1
  Eat: Beef jerky        |       |     1 |       ||     1
       Meat ration       |       |     1 |       ||     1
       Royal jelly       |       |       |     1 ||     1
       Bread ration      |       |       |     1 ||     1
